 Dungeon Crawl Stone Soup version 0.29-a0-409-gd843f3a48c (webtiles) character file.

Game seed: 7346937230232438066

1563 runemasterragnar the Magician (level 8, 0/122 HPs)
             Began as a Purple Draconian Transmuter on May 15, 2022.
             Was a Follower of Vehumet.
             Slain by a gnoll
             ... wielding a +0 club
             ... led by a gnoll sergeant
              (1 damage)
             ... on level 6 of the Dungeon.
             The game lasted 00:14:11 (7971 turns).

runemasterragnar the Magician (DrTm)                Turns: 7971, Time: 00:14:12

Health: 0/122      AC:  6    Str: 12    XL:     8   Next: 58%
Magic:  8/16       EV: 11    Int: 17    God:    Vehumet [*.....]
Gold:   326        SH:  0    Dex: 11    Spells: 8/18 levels left

rFire   x . .      SeeInvis .     - Unarmed
rCold   + + +      Faith    .   (shield currently unavailable)
rNeg    . . .      Spirit   .   (body armour unavailable)
rPois   +          Reflect  .   (helmet currently unavailable)
rElec   .          Harm     .   (cloak currently unavailable)
rCorr   +          Rampage  .   (gloves currently unavailable)
Will    +....                   (boots currently unavailable)
Stlth   ..........              (no amulet)
HPRegen 0.30/turn               k - ring of resist corrosion
MPRegen 0.15/turn               (no ring)

@: berserking, ice-form, very slightly contaminated, very quick
A: freezing attack, amphibious, boosted hp, (breathe power), AC +6, large,
unfitting armour, (cold-blooded)
a: End Transformation, Renounce Religion


You were on level 6 of the Dungeon.
You worshipped Vehumet.
Vehumet was aware of your devotion.
You were a creature of crystalline ice.
You visited 1 branch of the dungeon, and saw 6 of its levels.
You also visited: Ossuary.

You collected 326 gold pieces.

Inventory:

Armour
 j - a +0 hat (melded)
 m - a +0 pair of gloves (melded)
 n - the -1 pair of gloves of Creativity {Contam rN+ Str+2}
   (You found it on level 3 of the Dungeon)

   Str:       It affects your strength (+2).
   rN:        It protects you from negative energy.
   Contam:    It causes magical contamination when unequipped.
 v - a +0 pair of boots (melded)
Jewellery
 b - a ring of fire
 k - a ring of resist corrosion (left front paw)
Wands
 t - a wand of iceblast (27)
Scrolls
 g - a scroll of fog {unknown}
 h - a scroll of noise
 i - 2 scrolls of vulnerability
 l - a scroll of brand weapon
 o - 2 scrolls of blinking
 s - 4 scrolls of amnesia
 w - a scroll of teleportation {unknown}
 x - a scroll of silence {unknown}
 y - a scroll of immolation {unknown}
 A - a scroll of identify
 B - 2 scrolls of enchant armour {unknown}
Potions
 a - a potion of lignification
 d - 3 potions of brilliance
 e - 6 potions of curing
 f - a potion of haste
 p - a potion of invisibility
 q - a potion of magic
 r - a potion of mutation {unknown}
 u - a potion of attraction {unknown}
 z - a potion of degeneration


   Skills:
 + Level 5.3 Fighting
 + Level 4.6 Dodging
 + Level 5.6 Unarmed Combat
 + Level 5.8 Spellcasting
 + Level 5.1 Transmutations


You had 8 spell levels left.
You knew the following spells:

 Your Spells              Type           Power      Damage    Failure   Level
a - Beastly Appendage     Tmut           44%        N/A       1%          1
b - Wereblood             Tmut           22%        N/A       2%          2
c - Spider Form           Tmut/Pois      13%        N/A       14%         3
d - Ice Form              Ice/Tmut       13%        N/A       41%         4

Your spell library contained the following spells:

 Spells                   Type           Power      Damage    Failure   Level
 Sandblast                Erth           8%         2d5       13%         1
 Animate Skeleton         Necr           8%         N/A       13%         1
 Apportation              Tloc           8%         N/A       13%         1
 Foxfire                  Conj/Fire      16%        2x1d4     13%         1
 Summon Small Mammal      Summ           16%        N/A       13%         1
 Scorch                   Fire           8%         2d5       21%         2
 Dazzling Flash           Conj/Hex       8%         N/A       36%         3
 Flame Wave               Conj/Fire      4%         2d5       78%         4
 Iskenderun's Mystic Bla  Conj/Tloc      4%         2d3       78%         4
 Leda's Liquefaction      Hex/Erth       2%         N/A       78%         4
 Passage of Golubria      Tloc           4%         N/A       78%         4
 Lee's Rapid Deconstruct  Erth           2%         3d5*      98%         5
 Silence                  Hex/Air        2%         N/A       98%         5
 Starburst                Conj/Fire      2%         6d3       100%        6
 Statue Form              Tmut/Erth      8%         N/A       100%        6
 Summon Cactus Giant      Summ           2%         N/A       100%        6
 Lehudib's Crystal Spear  Conj/Erth      2%         10d2      100%        8


Dungeon Overview and Level Annotations

Branches:
Dungeon (6/15)            Ossuary (visited)
 Temple: D:4-7

Altars:
Cheibriados
Ru
Sif Muna
Trog
Vehumet
Zin

Shops:
D:4 !


Innate Abilities, Weirdness & Mutations

You are a creature of crystalline ice.
You have a powerful freezing melee attack.
You are amphibious.
Your maximum health is increased.
Your armour is entirely melded.
You are incapable of wielding weapons or throwing items.
((You can breathe bolts of dispelling energy.))
((Your rich purple scales are hard. (AC +6)))
You cannot fit into any form of body armour.
((You are cold-blooded and may be slowed by cold attacks.))


Message History

* * * LOW HITPOINT WARNING * * *
You punch the gnoll sergeant! You freeze the gnoll sergeant.
You kill the gnoll sergeant!
Vehumet accepts your kill.
The gnoll hits you from afar with a +0 halberd.
* * * LOW HITPOINT WARNING * * *
An orc comes into view. It is wielding a +0 dagger.
The gnoll closely misses you.
Items here: $ ) [ †.
You punch the gnoll! You freeze the gnoll.
You kill the gnoll!
Vehumet accepts your kill.
You feel your power returning.
Unknown command.
Okay, then.
The hound bites you.
* * * LOW HITPOINT WARNING * * *
It was a potion of berserk rage.
A red film seems to cover your vision as you go berserk!
You feel yourself moving faster!
You feel mighty! The hound bites you.
* * * LOW HITPOINT WARNING * * *
You pummel the hound!! You freeze the hound.
You kill the hound!
Vehumet accepts your kill.
You hear an angry hiss.
You hear a shout! x2
The gnoll hits you with a +0 whip of flaming.
* * * LOW HITPOINT WARNING * * *
The gnoll melts you.
* * * LOW HITPOINT WARNING * * *
Items here: $ ) [ ††.
You barely miss the gnoll. You barely miss the gnoll.
The gnoll barely misses you.
You punch the gnoll! You freeze the gnoll.
You kill the gnoll!
Vehumet accepts your kill.
An orc wizard, an orc and an adder come into view.
The gnoll shouts!
The orc wizard shouts!
The adder hisses angrily.
An orc comes into view.
It is wielding a +1 trident of protection.
The gnoll hits you with a +0 club.
You die...

####.#
.....########
#............
#.#..##########
#.#...........#
..............#
#.#.#####.##..#
....
...##..###########
#.#.
######...)Yg......#
.... ######o#####.#
# ## .... ......#
g..So...'
..g.oo...##
...........#
###.......###


You could see an orc wizard, a gnoll, an adder and 3 orcs.

Vanquished Creatures
  Duvessa (D:6)
  An ogre (D:3)
  A gnoll sergeant (D:6)
  7 scorpions (Ossuary)
  Dowan (D:6)
  2 centaur zombies (Ossuary)
  2 hounds
  2 human zombies (Ossuary)
  Terence (D:2)
  3 iguanas
  6 scorpion zombies (Ossuary)
  3 orc wizards
  3 mummies (Ossuary)
  Robin (D:2)
  9 gnolls
  6 adders
  A shadow imp (D:5)
  A white imp (D:3)
  An ufetubus (D:4)
  4 worms
  2 dart slugs
  10 orcs
  10 ball pythons
  7 bats
  6 endoplasms
  3 giant cockroaches
  4 gnoll zombies (Ossuary)
  18 goblins
  10 hobgoblins
  3 quokkas
  A frilled lizard (D:2)
  5 goblin zombies (Ossuary)
  9 kobolds
  4 orc zombies (Ossuary)
  7 rats
155 creatures vanquished.

Vanquished Creatures (others)
  6 plants (D:3)
  4 toadstools (D:1)
10 creatures vanquished.

Grand Total: 165 creatures vanquished

Notes
Turn   | Place    | Note
-------+----------+-------------------------------------------
     0 | D:1      | runemasterragnar the Draconian Transmuter began the quest
                  | for the Orb.
     0 | D:1      | Reached XP level 1. HP: 16/16 MP: 3/3
   371 | D:1      | Reached XP level 2. HP: 15/23 MP: 5/5
   733 | D:1      | Found a faded altar of an unknown god.
  1475 | D:2      | Reached XP level 3. HP: 27/29 MP: 4/6
  1504 | D:2      | Noticed Terence
  1538 | D:2      | Learned a level 2 spell: Wereblood
  1542 | D:2      | Learned a level 3 spell: Spider Form
  1582 | D:2      | Noticed Robin
  1604 | D:2      | Killed Robin
  1615 | D:2      | Reached XP level 4. HP: 30/36 MP: 3/7
  1815 | D:2      | Killed Terence
  2194 | D:2      | Reached XP level 5. HP: 23/42 MP: 5/9
  2576 | D:2      | Found a snail-covered altar of Cheibriados.
  2875 | D:3      | Noticed an ogre
  2883 | D:3      | Killed an ogre
  3257 | D:3      | Found a shimmering blue altar of Sif Muna.
  3264 | D:3      | Got Sif Muna's Grimoire of Fire and Conjuration
  3269 | D:3      | Found a bloodstained altar of Trog.
  3410 | D:3      | Reached XP level 6. HP: 51/51 MP: 6/10
  3585 | D:3      | Identified the -1 pair of gloves of Creativity {Contam rN+
                  | Str+2}
  4078 | D:4      | Found a sacrificial altar of Ru.
  4704 | D:4      | Found Topeik's Distillery.
  5404 | D:5      | Entered Level 5 of the Dungeon
  5447 | D:5      | Found a glowing silver altar of Zin.
  5521 | D:5      | Found a radiant altar of Vehumet.
  5527 | D:5      | Became a worshipper of Vehumet
  5579 | D:5      | Found a sand-covered staircase.
  5592 | D:5      | Learned a level 4 spell: Ice Form
  5593 | Ossuary  | Entered an ossuary
  5841 | Ossuary  | Your scales start taking on a rich purple colour.
  5841 | Ossuary  | Reached XP level 7. HP: 53/58 MP: 11/13
  6126 | Ossuary  | Reached skill level 5 in Spellcasting
  6144 | Ossuary  | Reached skill level 5 in Unarmed Combat
  6145 | Ossuary  | Reached * piety under Vehumet
  6145 | Ossuary  | Offered knowledge of Sandblast by Vehumet.
  6344 | Ossuary  | Reached XP level 8. HP: 67/67 MP: 11/15
  7465 | D:5      | Reached skill level 5 in Fighting
  7621 | D:6      | Noticed Duvessa
  7621 | D:6      | Noticed Dowan
  7634 | D:6      | Killed Duvessa
  7638 | D:6      | Killed Dowan
  7639 | D:6      | Reached skill level 5 in Transmutations
  7965 | D:6      | HP: 4/122 [hound (5)]
  7967 | D:6      | HP: 1/122 [gnoll/+0 whip of flaming[a gnoll sergeant] (1)]
  7971 | D:6      | Slain by a gnoll

Illustrated notes

Levels and vault maps discovered:
D:1:      ldierk_walled_garden_2, layout_loops_corners,
          dreamdust_ecumenical_altar_statues, minmay_misc_feat_enclosed,
          nrook_uturn
D:2:      layout_rooms, basic_altar, uniq_terence, uniq_robin
D:3:      layout_basic, nzn_overflow_gifts_of_might_and_magic,
          hangedman_abyss_or_decor_lesser_grid, serial_bayou_pond_a
D:4:      minmay_wonky_spiral, layout_basic, mainiacjoe_overflow_tiny_flanked,
          serial_shops, shop, nicolae_elevator_lobby_plus
D:5:      layout_gridville, mainiacjoe_overflow_catch_the_wave, enter_ossuary_1
D:6:      nicolae_cairo_tiling_very_big, layout_loops_ring,
          minmay_temple_entry_waves, kennysheep_another_room, uniq_duvessa,
          uniq_menkaure

Skill      XL: |  1  2  3  4  5  6  7  8 |
---------------+-------------------------+-----
Dodging        | 2 3 4 |  4.6
Fighting       | 2 3 4 5 |  5.3
Spellcasting   | 3 4 5 |  5.8
Transmutations | 3 4 5 |  5.1
Unarmed Combat | 4 5 |  5.6

Action                   |  1- 3 |  4- 6 |  7- 9 || total
-------------------------+-------+-------+-------++-------
Melee: Unarmed           |   105 |   244 |   171 ||   520
       Tailslap          |    12 |    17 |    11 ||    40
       Kick              |     8 |    31 |    22 ||    61
       Headbutt          |     3 |    16 |    11 ||    30
       Punch             |       |     2 |     3 ||     5
 Cast: Beastly Appendage |    13 |    21 |     4 ||    38
       Spider Form       |     2 |    20 |     7 ||    29
       Ice Form          |       |       |     2 ||     2
 Abil: Breathe Dispellin |       |       |     1 ||     1
  Use: Scroll            |       |    10 |     2 ||    12
       Potion            |       |     1 |     1 ||     2
 Stab: Sleeping          |     1 |     2 |       ||     3
Armor: Skin              |    24 |    61 |    29 ||   114
Dodge: Dodged            |    73 |   155 |   105 ||   333

Table legend: (Time is in decaauts)
 A = Elapsed time spent in this place.
 B = Non-inter-level travel time spent in this place.
 C = Inter-level travel time spent in this place.
 D = Time resting spent in this place.
 E = Time spent auto-exploring this place.
 F = Levels seen in this place.
 G = Mean time per level.
                   A        B        C        D        E       F      G
               +--------+--------+--------+--------+--------+-----+--------+
         Total |   7938 |   7715 |    223 |    928 |   5419 |   7 | 1134.0 |
       Dungeon |   6802 |   6579 |    223 |    578 |   4946 |   6 | 1133.7 |
       Ossuary |   1136 |   1136 |      0 |    350 |    473 |   1 | 1136.0 |
               +--------+--------+--------+--------+--------+-----+--------+

Top non-repeatable levels by time:
     D:1: 1607 daAuts
     D:4: 1379 daAuts
     D:2: 1220 daAuts
     D:3: 1185 daAuts
 Ossuary: 1136 daAuts
     D:5: 1001 daAuts
     D:6: 406 daAuts
